 Dungeon Crawl Stone Soup version 0.21.1-1-g345015f (webtiles) character file.

2284 shakethe the Reanimator (level 9, -8/58 HPs)
             Began as a Demonspawn Necromancer on Feb 15, 2018.
             Was a Follower of Cheibriados.
             Mangled by a killer bee (12 damage)
             ... on level 7 of the Dungeon.
             The game lasted 00:30:11 (9000 turns).

shakethe the Reanimator (Demonspawn Necromancer)    Turns: 9000, Time: 00:30:12

Health: -8/58      AC:  0    Str: 11    XL:     9   Next: 17%
Magic:  0/18       EV: 12    Int: 27    God:    Cheibriados [*.....]
Gold:   409        SH:  0    Dex: 15    Spells: 9/21 levels left

rFire    . . .     SeeInvis .   a - +1 hunting sling (freeze)
rCold    + . .     Gourm    .   (no shield)
rNeg     . . .     Faith    .   p - +2 animal skin
rPois    .         Spirit   +   r - +1 helmet
rElec    .         Reflect  .   (no cloak)
rCorr    +         Harm     +   (no gloves)
MR       .....                  z - +0 pair of boots
Stlth    ++........             f - amulet of harm
HPRegen  0.19/turn              j - ring of resist corrosion
MPRegen  0.32/turn              w - ring of ice {rC+, rF-}

@: brilliant, lethally poisoned (-8 -> -35), corroded, very slow
A: talons 2, fire resistance 1, magic shield, magic regeneration
a: Bend Time, Renounce Religion


You were on level 7 of the Dungeon.
You worshipped Cheibriados.
Cheibriados was aware of your devotion.
You were not hungry.

You visited 2 branches of the dungeon, and saw 8 of its levels.

You collected 409 gold pieces.

Inventory:

Hand Weapons
 a - a +1 hunting sling of freezing (weapon)
   (You took it off a goblin on level 2 of the Dungeon)
 b - a +4 long sword of freezing
   (You took it off a wight on level 7 of the Dungeon)
Missiles
 l - 248 stones (quivered)
Armour
 p - a +2 animal skin (worn)
   (You took it off Robin on level 2 of the Dungeon)
 r - a +1 helmet (worn)
   (You took it off Robin on level 2 of the Dungeon)
 z - a +0 pair of boots (worn)
   (You found it on level 6 of the Dungeon)
 F - the cursed +0 scale mail of a treasure trove {rElec rF+ rN+, unknown}
   (You found it on level 6 of the Dungeon)

   It protects you from fire.
   It insulates you from electricity.
   It protects you from negative energy.
   It has a curse placed upon it.
Jewellery
 f - an amulet of harm (around neck)
   (You found it on level 1 of the Dungeon)
 j - a ring of resist corrosion (left hand)
   (You found it on level 1 of the Dungeon)
 w - a ring of ice (right hand) {rC+, rF-}
   (You found it on level 4 of the Dungeon)
Wands
 x - a wand of random effects (10)
   (You found it on level 4 of the Dungeon)
 B - a wand of disintegration (18)
   (You found it on level 6 of the Dungeon)
Scrolls
 e - a scroll of amnesia {unknown}
 g - 2 scrolls of enchant armour
 h - 10 scrolls of remove curse
 k - 3 scrolls of magic mapping {!r}
 n - 3 scrolls of immolation {unknown}
 o - 5 scrolls of teleportation {unknown}
 q - 2 scrolls of enchant weapon {unknown}
 s - 3 scrolls of fear {unknown}
 u - a scroll of fog {unknown}
 v - a scroll of noise {unknown}
 y - 3 scrolls of identify
 D - a scroll of random uselessness {unknown}
 E - a scroll of blinking {unknown}
Potions
 d - a potion of heal wounds
 m - a potion of invisibility {unknown}
 t - a potion of might
 C - a potion of brilliance
Books
 i - a book of Necromancy
 A - a book of Maledictions
   (You found it on level 5 of the Dungeon)
Comestibles
 c - 8 rations


   Skills:
 + Level 0.7 Fighting
 + Level 0.5 Armour
 + Level 2.0 Dodging
 - Level 1.7 Stealth
 - Level 6.6 Spellcasting
 * Level 11.5 Necromancy


You had 9 spell levels left.
You knew the following spells:

 Your Spells              Type           Power        Failure   Level  Hunger
a - Pain                  Necr           ####         1%          1    None
b - Borgnjor's Vile Clut  Necr/Erth      ######....   1%          5    #####..
r - Regeneration          Chrm/Necr      ######....   1%          3    None
x - Vampiric Draining     Necr           ######....   1%          3    None


Dungeon Overview and Level Annotations

Branches:
Dungeon (7/15)             Temple (1/1) D:6

Altars:
Cheibriados
Dithmenos
Elyvilon
Fedhas
Gozag
Hepliaklqana
Kikubaaqudgha
Makhleb
Nemelex Xobeh
Okawaru
Qazlal
Ru
Sif Muna
Trog
Uskayaw
Vehumet
Wu Jian
Xom
Yredelemnul
Zin
The Shining One

Annotations:
D:4 1 runed door, exclusion: Grinder, Grinder


Innate Abilities, Weirdness & Mutations

You have razor-sharp toenails.
Your flesh is heat resistant. (rF+)
When hurt, damage is shared between your health and your magic reserves.
You regenerate magic rapidly.


Message History

Aim: a jelly (heavily wounded)
You shoot a stone. The killer bee buzzes angrily.
The stone hits the jelly but does no damage.
You hear a bark!
The jelly closely misses you.
Aim: a jelly (heavily wounded)
You shoot a stone.
The stone hits the jelly but does no damage.
The killer bee closely misses you. The jelly closely misses you.
Aim: a jelly (heavily wounded)
You shoot a stone. The stone hits the jelly.
The stone freezes the jelly.
The killer bee closely misses you. The jelly hits you. The acid corrodes you!
You are splashed with acid!
The acid burns!
You resist. The killer bee barely misses you. The killer bee stings you.
You are poisoned.
The killer bee poisons you! The jelly misses you. The killer bee stings you!
You are more poisoned.
The killer bee poisons you!
You take 15 damage, and have 42/57 hp.
MASSIVE DAMAGE!!
You now have 12/18 mp.
Aim: a jelly (severely wounded) Decaying hands burst forth from the earth!
The jelly is unaffected.
Zombie hands grab the killer bee. x2
The zombie hands constrict the killer bee. x2
You feel sick. The killer bee stings you.
You are more poisoned.
The killer bee poisons you! The killer bee stings you.
You are more poisoned.
The killer bee poisons you! The killer bee closely misses you.
The jelly closely misses you. The killer bee stings you!
A killer bee comes into view.
You take 16 damage, and have 26/57 hp.
MASSIVE DAMAGE!!
You now have 4/18 mp.
The zombie hands constrict the killer bee.
The zombie hands constrict the killer bee!
You feel very sick.
The killer bee struggles to escape constriction. x4
The killer bee escapes!
You take 2 damage, and have 24/57 hp.
Aim: a jelly (severely wounded) Decaying hands burst forth from the earth!
The jelly is unaffected.
Zombie hands grab the killer bee.
The zombie hands constrict the killer bee!
You kill the killer bee!
Cheibriados thoroughly appreciates the change of pace.
The zombie hands constrict the killer bee.
You kill the killer bee!
Cheibriados thoroughly appreciates the change of pace.
Your Dodging skill increases to level 2!
You feel sick. The jelly hits you. The acid corrodes you!
You are splashed with acid!
The acid burns!
You resist.
You take 6 damage, and have 18/58 hp.
You now have 0/18 mp.
Unknown command.
You don't have enough magic to cast that spell.
You feel much better.
You feel sick.
The killer bee buzzes angrily.
The killer bee barely misses you. The killer bee misses you.
The jelly barely misses you.
A hound comes into view.
You regained 15 hp, and now have 33/58 hp.
Really attack while wielding your +1 hunting sling of freezing? [Y]es or [N]o only, please.
Really attack while wielding your +1 hunting sling of freezing?
Okay, then.
Aim: a jelly (severely wounded)
You shoot a stone. The hound barks!
The stone hits the jelly.
The stone freezes the jelly.
You kill the jelly!
Cheibriados appreciates the change of pace.
You feel sick. The killer bee stings you. The killer bee closely misses you.
The killer bee stings you!
You take 13 damage, and have 20/58 hp.
MASSIVE DAMAGE!!
It was a potion of brilliance.
You feel clever all of a sudden.
You feel sick. The killer bee stings you. The killer bee stings you!
* * * LOW HITPOINT WARNING * * *
The killer bee barely misses you. The killer bee stings you!
* * * LOW HITPOINT WARNING * * *
You are more poisoned.
The killer bee poisons you!
You take 19 damage, and have 1/58 hp.
MASSIVE DAMAGE!!
You now have 0/18 mp.
You feel much better.
* * * LOW HITPOINT WARNING * * *
You feel sick. The killer bee stings you.
* * * LOW HITPOINT WARNING * * *
The killer bee stings you.
* * * LOW HITPOINT WARNING * * *
The killer bee stings you.
* * * LOW HITPOINT WARNING * * *
The killer bee stings you!
You die...

..... .... ... ... ... ..
#.. h# #>#####(#
#...##(.#
##############..yy.#####
................@†.......
.........................
.
#........................
..
#.##......#....##########
##. ................. ...
#.####.####....### #.#
#..# #..).# #.#
##..##....# #.. #...#####


You could see a hound and 2 killer bees.

Vanquished Creatures
  Pikel (D:7)
  2 ice beasts
  A sky beast (D:4)
  2 slaves (D:7)
  2 ogres
  A centaur (D:5)
  2 bullfrogs
  A scorpion (D:4)
  2 killer bees (D:7)
  4 wights (D:7)
  2 howler monkeys (D:6)
  A centaur zombie (D:5)
  2 crimson imps (D:5)
  A bullfrog zombie (D:5)
  2 centaur skeletons
  2 jellies
  4 iguanas
  Jessica (D:2)
  6 worker ants
  A killer bee zombie (D:6)
  A hound skeleton (D:5)
  Robin (D:2)
  10 adders
  2 shadow imps
  An adder skeleton (D:4)
  2 dart slugs (D:1)
  5 leopard geckos
  7 orcs
  6 giant cockroaches
  21 goblins
  7 hobgoblins
  2 kobolds
  3 quokkas
  6 bats
  5 frilled lizards
  A quokka skeleton (D:5)
  A quokka zombie (D:5)
  5 rats
126 creatures vanquished.

Vanquished Creatures (others)
  A hungry ghost (D:7)
  A plant (D:2)
2 creatures vanquished.

Grand Total: 128 creatures vanquished

Notes
Turn   | Place    | Note
-------+----------+-------------------------------------------
     0 | D:1      | shakethe the Demonspawn Necromancer began the quest for the Orb.
     0 | D:1      | Reached XP level 1. HP: 13/13 MP: 3/3
   263 | D:1      | Gained mutation: You have sharp toenails. [demonic ancestry]
   263 | D:1      | Reached XP level 2. HP: 19/19 MP: 5/5
   720 | D:1      | Reached skill level 5 in Necromancy
  1321 | D:2      | Reached XP level 3. HP: 20/24 MP: 1/6
  1675 | D:2      | HP: 9/36 [poisoned by an adder]
  1856 | D:2      | Noticed Robin
  1898 | D:2      | Killed Robin
  1898 | D:2      | Gained mutation: Your flesh is heat resistant. (rF+) [demonic ancestry]
  1898 | D:2      | Reached XP level 4. HP: 23/30 MP: 1/8
  2229 | D:2      | Noticed Jessica
  2234 | D:2      | Killed Jessica
  2273 | D:2      | Reached skill level 3 in Spellcasting
  2289 | D:2      | Reached skill level 6 in Necromancy
  2896 | D:2      | Learned a level 3 spell: Regeneration
  2900 | D:2      | Learned a level 3 spell: Vampiric Draining
  3326 | D:3      | Found a hide-covered altar of Uskayaw.
  3917 | D:4      | Gained mutation: When hurt, damage is shared between your health and your magic reserves. [demonic ancestry]
  3917 | D:4      | Reached XP level 5. HP: 30/35 MP: 1/9
  4063 | D:4      | Noticed Grinder
  4408 | D:3      | HP: 8/35 [goblin/trident (1)]
  4435 | D:3      | HP: 6/35 [iguana (6)]
  4476 | D:3      | HP: 4/35 [goblin/trident (8)]
  4513 | D:3      | HP: 7/35 [goblin/trident (2)]
  4933 | D:4      | Noticed a necrophage
  5457 | D:4      | Found a runed door.
  5732 | D:5      | Entered Level 5 of the Dungeon
  5745 | D:5      | Found a bloodstained altar of Trog.
  5963 | D:5      | Noticed a centaur
  5965 | D:5      | Killed a centaur
  5965 | D:5      | Reached skill level 7 in Necromancy
  5965 | D:5      | Reached XP level 6. HP: 40/41 MP: 11/11
  6049 | D:4      | Learned a level 5 spell: Borgnjor's Vile Clutch
  6135 | D:5      | Noticed a sky beast
  6155 | D:5      | HP: 8/41 [something (7)]
  6198 | D:4      | Killed a sky beast
  6198 | D:4      | Reached skill level 4 in Spellcasting
  6395 | D:5      | Reached skill level 8 in Necromancy
  6498 | D:5      | Reached XP level 7. HP: 23/46 MP: 0/13
  7295 | D:5      | Reached skill level 9 in Necromancy
  7423 | D:6      | Found a staircase to the Ecumenical Temple.
  7457 | D:6      | Reached skill level 5 in Spellcasting
  7562 | D:6      | Found a burning altar of Makhleb.
  7573 | Temple   | Entered the Ecumenical Temple
  7690 | Temple   | Became a worshipper of Cheibriados the Contemplative
  7763 | D:6      | Gained mutation: You regenerate magic rapidly. [demonic ancestry]
  7763 | D:6      | Reached XP level 8. HP: 40/52 MP: 15/15
  7892 | D:6      | Found a glowing golden altar of the Shining One.
  7919 | D:6      | Found a deep blue altar of Sif Muna.
  8052 | D:6      | Got a twisted scale mail
  8276 | D:6      | Found a shimmering altar of Xom.
  8408 | D:7      | Reached skill level 10 in Necromancy
  8460 | D:7      | Found a shadowy altar of Dithmenos.
  8574 | D:7      | Reached skill level 6 in Spellcasting
  8659 | D:7      | Reached * piety under Cheibriados
  8779 | D:7      | Noticed Pikel
  8804 | D:7      | Killed Pikel
  8804 | D:7      | Reached skill level 11 in Necromancy
  8804 | D:7      | Gained mutation: You have razor-sharp toenails. [demonic ancestry]
  8804 | D:7      | Reached XP level 9. HP: 55/57 MP: 7/18
  8901 | D:7      | Found a radiant altar of Vehumet.
  8996 | D:7      | Reached skill level 2 in Dodging
  8999 | D:7      | HP: 8/58 [killer bee (10)]
  8999 | D:7      | HP: 1/58 [killer bee (7)]
  9000 | D:7      | Mangled by a killer bee

Skill      XL: |  1  2  3  4  5  6  7  8  9 |
---------------+----------------------------+-----
Necromancy     | 5 6 7 8 9 11 | 11.5
Spellcasting   | 3 4 5 6 |  6.6
Dodging        | 2 |  2.0
Fighting       | |  0.7
Armour         | |  0.5
Stealth        | |  1.7

Action                   |  1- 3 |  4- 6 |  7- 9 || total
-------------------------+-------+-------+-------++-------
Melee: Dagger            |    53 |    20 |    27 ||   100
       Kick              |     7 |     7 |     2 ||    16
       Hunting sling     |       |    25 |       ||    25
 Fire: Hunting sling     |       |    69 |   312 ||   381
Throw: Stone             |       |       |     7 ||     7
 Cast: Pain              |    51 |    51 |       ||   102
       Vampiric Draining |       |    15 |     4 ||    19
       Regeneration      |       |     7 |     9 ||    16
       Borgnjor's Vile C |       |       |     7 ||     7
  Use: Potion            |     3 |       |     3 ||     6
       Scroll            |       |     5 |       ||     5
 Stab: Sleeping          |     1 |       |       ||     1
  Eat: Chunk             |     3 |     8 |     7 ||    18
       Ration            |       |     3 |     1 ||     4
Armor: Leather armour    |    21 |     5 |       ||    26
       Animal skin       |       |    33 |    92 ||   125
Dodge: Dodged            |    37 |    88 |   186 ||   311

Vault maps used:
D:1:      minmay_arrival_arboretum_small
D:2:      chequers_big_river, uniq_jessica, uniq_robin
D:3:      lemuel_crystal_altar, first_ration
D:4:      uniq_grinder, uniq_crazy_yiuf_cottage
D:5:      minmay_opposing_rooms, nicolae_overflow_crystal_walls
D:6:      kennysheep_little_box, old_standard_altar, marbit_many_paths,
          minmay_temple_entry_trees, basic_altar
D:7:      old_standard_altar, grunt_dithmenos_smoke_and_mirrors, uniq_pikel
Temple:   cyrus_circular_temple

Table legend:
 A = Turns spent in this place as a percentage of turns spent in the entire game.
 B = Non-inter-level travel turns spent in this place as a percentage of non-inter-level travel turns spent in the entire game.
 C = Inter-level travel turns spent in this place as a percentage of turns spent in this place.
 D = Turns resting spent in this place as a percentage of non-inter-level travel turns spent in this place.
 E = Turns spent auto-exploring this place as a percentage of non-inter-level travel turns spent in this place.
 F = Non-inter-level travel turns spent in this place divided by the number of levels of this place that you've seen.
                   A       B       C       D       E      F
               +-------+-------+-------+-------+-------+----------------------
         Total | 100.0 | 100.0 |   1.5 |  20.3 |  39.2 | 1107.9
       Dungeon |  98.2 |  98.2 |   1.5 |  20.7 |  39.3 | 1243.6
        Temple |   1.8 |   1.8 |   0.0 |   0.0 |  30.4 | 158.0
               +-------+-------+-------+-------+-------+----------------------

Table legend:
 A = Kills in this place as a percentage of kills in entire the game.
 B = Kills by you in this place as a percentage of kills by you in the entire game.
 C = Kills by friends in this place as a percentage of kills by friends in the entire game.
 D = Other kills in this place as a percentage of other kills in the entire game.
 E = Experience gained in this place as a percentage of experience gained in the entire game.
 F = Experience gained in this place divided by the number of levels of this place that you have seen.
                   A       B       C       D       E      F
               +-------+-------+-------+-------+-------+----------------------
         Total | 100.0 | 100.0 |   N/A |   N/A | 100.0 | 408.0
       Dungeon | 100.0 | 100.0 |   N/A |   N/A | 100.0 | 466.3
               +-------+-------+-------+-------+-------+----------------------
